 Dungeon Crawl Stone Soup version 0.14-b1-61-g429ec3a (webtiles) character file.

211121 ruwin the Veteran (level 18, -6/173 HPs)
             Began as a Mountain Dwarf Fighter on Dec 1, 2014.
             Was the Champion of Okawaru.
             Mangled by a merfolk
             ... wielding a +0,+1 trident
              (16 damage)
             ... on Level 1 of the Shoals on Dec 5, 2014.
             The game lasted 03:24:35 (40485 turns).

ruwin the Veteran (Mountain Dwarf Fighter)         Turns: 40485, Time: 03:24:35

HP  -6/173       AC 19     Str 26      XL: 18   Next: 15%
MP  27/27        EV 11     Int  8      God: Okawaru [******]
Gold 1765        SH 29     Dex 13      Spells:  4 memorised,  3 levels left

rFire  . . .     SeeInvis +     r - +7,+4 broad axe of Contradiction {venom, rElec}
rCold  . . .     Clarity  .     K - +3 leather armour of Cakapt {+Blink rElec MR+}
rNeg   . . .     Conserve +     e - +0 shield
rPois  .         rCorr    +     J - +2 helmet "Suniunin" {+Rage +Fly Dex-2 SInv}
rElec  +                        rSlow +
                                X - +0 cloak {rCorr, Cons}
SustAb . .       Spirit   .     O - +0 pair of gloves {Str+3}
rMut   .         Warding  .     p - +2 pair of boots
Saprov . . .     Stasis   .     I - amulet of resist slowing
MR     ++...                    M - +0,+8 ring of slaying
                                P - +6,+5 ring of slaying

@: very resistant to hostile enchantments, unstealthy
A: no striking features
a: Might, Haste, Renounce Religion, Evoke Blink, Evoke Berserk Rage, Evoke
Flight
}: 1/15 runes: serpentine


You were on level 1 of the Shoals.
You worshipped Okawaru.
Okawaru was exalted by your worship.
You were very full.

You visited 6 branches of the dungeon, and saw 37 of its levels.
You also visited: Bailey and Ice Cave.

You collected 3153 gold pieces.
You spent 1388 gold pieces at shops.

Inventory:

Hand weapons
 f - the +7,+1 broad axe of Equivalence {flame, rPois SInv}
   (Okawaru gifted it to you on level 7 of the Lair of Beasts)

   It emits flame when wielded, causing extra injury to most foes and up to
   double damage against particularly susceptible opponents.
   Big, fiery blades are also staple armaments of hydra-hunters.
   It protects you from poison.
   It enhances your eyesight.
 r - the +7,+4 broad axe of Contradiction (weapon) {venom, rElec}
   (Okawaru gifted it to you in an ice cave)

   It poisons the flesh of those it strikes.
   It insulates you from electricity.
Armour
 e - a +0 shield (worn)
 p - a +2 pair of boots (worn)
 v - the +0 cloak "Comenun" {+Rage rF+ rN+}
   (Okawaru gifted it to you on level 3 of the Lair of Beasts)

   It protects you from fire.
   It protects you from negative energy.
   It lets you go berserk.
 J - the +2 helmet "Suniunin" (worn) {+Rage +Fly Dex-2 SInv}
   (You found it on level 2 of the Snake Pit)

   It affects your dexterity (-2).
   It enhances your eyesight.
   It lets you fly.
   It lets you go berserk.
 K - the +3 leather armour of Cakapt (worn) {+Blink rElec MR+}
   (You found it on level 2 of the Hive)

   It insulates you from electricity.
   It affects your resistance to hostile enchantments.
   It lets you blink.
 O - a +0 pair of gloves of strength (worn)
 X - a +0 cloak of preservation (worn)
Magical devices
 h - a wand of teleportation (7)
 q - a wand of digging (17)
 w - a wand of paralysis (14)
Comestibles
 d - 16 bread rations
 i - 8 meat rations
 T - 32 honeycombs
Scrolls
 b - 8 scrolls of remove curse
 k - 2 scrolls of fear
 o - 3 scrolls of teleportation
 s - a scroll of vulnerability
 y - a scroll of silence
 B - 3 scrolls of enchant armour
 H - 2 scrolls of amnesia
 L - a scroll of magic mapping
 Z - a scroll of blinking
Jewellery
 m - a cursed ring of sustain abilities
 t - an uncursed ring of protection from cold
 x - the ring of Fetruwn {Regen AC+2 EV+4}
   (You found it in an ice cave)

   [ring of regeneration]

   It affects your AC (+2).
   It affects your evasion (+4).
 E - an uncursed amulet of warding
 I - an amulet of resist slowing (around neck)
 M - a +0,+8 ring of slaying (right hand)
 P - a +6,+5 ring of slaying (left hand)
Potions
 a - 2 potions of invisibility
 c - a potion of haste
 g - a potion of resistance
 j - 2 potions of flight
 l - 4 potions of magic
 n - 15 potions of curing
 u - a potion of restore abilities
 z - a potion of agility
 C - 7 potions of heal wounds
 Q - a potion of brilliance
 R - a potion of cure mutation
 W - 2 potions of might
Books
 A - a book of Dreams

   Spells                             Type                      Level
   Ensorcelled Hibernation            Hexes/Ice                    2
   Flight                             Charms/Air                   3
   Phase Shift                        Translocation                5
   Shadow Creatures                   Summoning                    5
   Mass Confusion                     Hexes                        6
   Darkness                           Hexes                        7
 Y - a book of the Dragon

   Spells                             Type                      Level
   Flight                             Charms/Air                   3
   Cause Fear                         Hexes                        4
   Bolt of Fire                       Conjuration/Fire             6
   Dragon Form                        Transmutation                7
   Dragon's Call                      Summoning                    9
Miscellaneous
 N - a fan of gales


   Skills:
 + Level 18.6 Fighting
 - Level 18.0 Axes
 - Level 18.0 Armour
 - Level 0.3 Dodging
 - Level 15.1 Shields
 + Level 1.0 Transmutations
 + Level 5.1 Earth Magic
 - Level 10.0 Invocations
 + Level 10.2 Evocations


You had 3 spell levels left.
You knew the following spells:

 Your Spells              Type           Power        Failure   Level  Hunger
a - Stoneskin             Trmt/Erth      #.........   21%         2    ###....
b - Statue Form           Trmt/Erth      #.........   100%        6    #######
c - Blink                 Tloc           N/A          69%         2    ###....
d - Control Teleport      Chrm/Tloc      #.........   100%        4    #####..


Dungeon Overview and Level Annotations

Branches:
Dungeon (15/15)            Temple (0/1) D:5             Orc (4/4) D:9
    Elf (0/7) Orc:4          Hive (4/4) D:15           Lair (8/10) D:10
 Shoals (1/5) Lair:3        Snake (5/5) Lair:3        Slime (0/6) Lair:8
 Depths (0/5) D:15
 Vaults: D:13-14

Altars:
Dithmenos
Elyvilon
Fedhas
Makhleb
Nemelex Xobeh
Okawaru
The Shining One
Beogh

Shops:
D:5 (   D:8 }   D:10 [   D:12 %   D:15 *   Orc:3 !   Orc:4 ([:*=

Annotations:
Lair:5 exclusion: oklob plant


Message History

You cannot read scrolls while unable to breathe!
Drink which item? (? for menu, Esc to quit)
Okay, then.
Evoke which item? (* to show all) (? for menu, Esc to quit)
Okay, then.
Drink which item? (? for menu, Esc to quit)
You feel much better.
* * * LOW HITPOINT WARNING * * *
Your lungs strain for air!
The harpy misses you. You block the harpy's attack.
The harpy barely misses you. You block the harpy's attack. The harpy claws you.
* * * LOW HITPOINT WARNING * * *
The harpy claws you.
* * * LOW HITPOINT WARNING * * *
The harpy closely misses you. The harpy completely misses you.
You block the harpy's attack. The harpy misses you.
The merfolk hits you from afar with a trident!
* * * LOW HITPOINT WARNING * * *
The merfolk hits you from afar with a trident!
You die... .PP

.≈PP
#########..)..
........#.......
......≈≈≈.......
.......≈≈....#
.....≈..HE....###.
......Em≈@H.......
.......mH)≈##.....
....##≈H≈H<.# . .
#.≈≈≈≈≈........
≈≈≈≈≈≈≈≈≈≈≈≈....
...≈≈≈≈≈≈≈≈≈≈≈≈≈.
....≈≈≈≈≈≈≈≈≈≈≈.
.....≈≈≈≈≈≈≈≈≈
....≈≈≈≈≈≈≈≈


You could see a griffon, 2 merfolk, 2 water elementals and 4 harpies.

Vanquished Creatures
  Saint Roka (Snake:5)
  Norris (Snake:2)
  Vashnia (Snake:3)
  A fire giant (D:15)
  10 greater nagas
  Maud (Lair:8)
  An orc warlord (Orc:4)
  Gastronok (Orc:3)
  A pale draconian (Lair:3)
  Jozef (Snake:1)
  4 hydras
  Norbert (Shoals:1)
  A fire dragon (Lair:8)
  Fannar (Orc:4)
  18 naga warriors
  2 ice dragons (IceCv)
  A ravenous feature mimic (Snake:4)
  6 anacondas
  A merfolk aquamancer (Shoals:1)
  A tengu warrior (D:12)
  A death yak (Lair:7)
  2 orc high priests (Orc:4)
  14 naga sharpshooters
  A hydra zombie (D:10)
  7 shock serpents
  8 centaur warriors
  Nergalle (Lair:5)
  3 skeletal warriors (D:12)
  An unseen horror (D:13)
  A salamander mystic (Snake:3)
  3 naga ritualists
  2 ice statues (IceCv)
  Pikel (D:6)
  3 orc knights
  A harpy (Shoals:1)
  4 orc sorcerers (Orc:4)
  3 hill giants
  7 salamanders
  7 mana vipers
  4 cyclopes
  3 griffons
  6 manticores
  Maurice (Orc:4)
  A mermaid (Lair:3)
  17 elephants
  40 black mambas
  2 guardian serpents
  6 spiny frogs
  2 kobold demonologists (D:11)
  2 queen bees
  2 gargoyles
  14 naga magi
  8 fire drakes
  5 trolls
  An efreet (D:13)
  Sonja (Orc:4)
  8 komodo dragons
  A troll (shapeshifter) (D:13)
  4 deep elf magi
  2 boulder beetles
  7 basilisks
  A slime creature (D:12)
  8 blink frogs
  A brown ooze (Lair:8)
  2 wraiths
  A ynoxinul (Orc:4)
  10 ugly things
  2 sharks (Lair:3)
  5 wyverns
  A spriggan (D:7)
  280 killer bees
  Eustachio (D:7)
  6 yaks
  An elephant slug (Lair:4)
  2 hill giant zombies
  4 hungry ghosts
  An orc skeleton (D:15)
  3 wargs
  A chaos spawn (Orc:4)
  A hill giant skeleton (D:13)
  8 hippogriffs
  10 wolves
  68 nagas
  2 necrophages
  20 water moccasins
  4 soldier ants
  15 porcupines
  2 hell hounds (Lair:8)
  A human skeleton (D:14)
  9 sky beasts
  Purgy (D:4)
  4 phantoms
  2 slaves (D:6)
  3 yellow wasps
  32 orc warriors
  4 black bears
  15 ogres
  21 ice beasts
  21 centaurs
  2 giant goldfish
  The ghost of ryw the Charm-Maker, an average HECr of Fedhas (D:4)
  10 crocodiles
  A gnoll sergeant (D:11)
  9 giant frogs
  12 giant slugs
  3 big kobolds
  A brain worm (D:15)
  A cyclops zombie (D:11)
  A scorpion (D:11)
  An eye of draining (D:11)
  14 wights
  5 goliath beetles
  A troll skeleton (D:11)
  An electric eel (Lair:3)
  9 jellies
  6 crimson imps
  A giant frog zombie (D:9)
  11 hounds
  3 big fish
  19 orc priests
  26 orc wizards
  4 iguanas
  8 worker ants
  32 sheep
  Ijyb (D:7)
  A human zombie (Orc:4)
  A mottled dragon skeleton (D:12)
  A sky beast zombie (D:5)
  A mummy (D:8)
  30 adders
  9 gnolls
  33 green rats
  5 giant mites
  9 shadow imps
  3 white imps (D:7)
  2 worms
  5 orc zombies
  The ghost of trelanon the Shield-Bearer, a weakling FoFi (D:15)
  A giant eyeball (D:14)
  3 giant geckos
  An ooze (Lair:8)
  158 orcs
  19 bats
  4 giant cockroaches
  16 hobgoblins
  25 jackals
  21 kobolds
  16 quokkas
  3 ball pythons
  A giant gecko skeleton (D:5)
  5 giant newts
  30 goblins
  46 killer bee larvae
  27 rats
  4 spectral orcs (Lair:5)
  8 ballistomycetes
  6 fungi
  17 plants
1530 creatures vanquished.

Vanquished Creatures (collateral kills)
  A hydra (Lair:3)
1 creature vanquished.

Vanquished Creatures (others)
  An air elemental (Orc:4)
  A mottled dragon (D:12)
  A slave (D:6)
  A hobgoblin (D:6)
  2 giant spores
  12 fungi (Lair:8)
  2 plants
20 creatures vanquished.

Grand Total: 1551 creatures vanquished

Notes
Turn   | Place    | Note
--------------------------------------------------------------
     0 | D:1      | ruwin, the Mountain Dwarf Fighter, began the quest for the Orb.
     0 | D:1      | Reached XP level 1. HP: 19/19 MP: 1/1
   316 | D:1      | Reached XP level 2. HP: 21/27 MP: 1/1
   703 | D:2      | Reached XP level 3. HP: 18/33 MP: 2/2
   966 | D:2      | Found a burning altar of Makhleb.
  1202 | D:2      | Reached XP level 4. HP: 30/40 MP: 2/2
  1403 | D:2      | Reached skill level 5 in Armour
  2111 | D:4      | Noticed Purgy
  2123 | D:4      | Killed Purgy
  2123 | D:4      | Reached skill level 5 in Axes
  2123 | D:4      | Reached XP level 5. HP: 44/47 MP: 2/2
  2182 | D:4      | Noticed ryw's ghost (average HECr)
  2190 | D:4      | Killed ryw's ghost
  2190 | D:4      | Reached skill level 5 in Fighting
  2190 | D:4      | Reached skill level 6 in Armour
  2190 | D:4      | Reached XP level 6. HP: 39/56 MP: 3/3
  2349 | D:4      | Noticed an ogre
  2684 | D:4      | Noticed an ogre
  2710 | D:4      | Killed an ogre
  2924 | D:4      | Noticed a phantom
  2955 | D:4      | Killed a phantom
  2955 | D:4      | Reached XP level 7. HP: 43/61 MP: 3/3
  3098 | D:3      | Found an iron altar of Okawaru.
  3113 | D:3      | Became a worshipper of Warmaster Okawaru
  3153 | D:3      | Reached skill level 7 in Axes
  3666 | D:5      | Entered Level 5 of the Dungeon
  3888 | D:5      | Reached skill level 8 in Axes
  4104 | D:5      | Acquired Okawaru's first power
  4122 | D:5      | Reached XP level 8. HP: 63/71 MP: 3/3
  4212 | D:5      | Reached skill level 1 in Invocations
  4241 | D:5      | Found a staircase to the Ecumenical Temple.
  4291 | D:5      | Found Xodot's Antique Weapon Shop.
  4335 | D:5      | Reached skill level 9 in Axes
  4689 | D:6      | Noticed Pikel
  4704 | D:6      | Killed Pikel
  4704 | D:6      | Reached skill level 10 in Axes
  4704 | D:6      | Reached XP level 9. HP: 32/79 MP: 5/9
  6148 | D:7      | Reached skill level 11 in Axes
  6252 | D:7      | Noticed Ijyb
  6266 | D:7      | Killed Ijyb
  6548 | D:7      | Noticed Eustachio
  6581 | D:7      | Killed Eustachio
  6927 | D:8      | Found a sparkling altar of Nemelex Xobeh.
  6927 | D:8      | Found a shadowy altar of Dithmenos.
  6987 | D:8      | Found Casa's Gadget Shop.
  7086 | D:8      | Reached XP level 10. HP: 88/90 MP: 12/12
  7248 | D:9      | Found a staircase to the Orcish Mines.
  7414 | D:9      | Found a white marble altar of Elyvilon.
  7652 | D:9      | Found a sparkling altar of Nemelex Xobeh.
  7699 | D:10     | Entered Level 10 of the Dungeon
  7723 | D:10     | Reached skill level 5 in Invocations
  7738 | D:10     | Reached skill level 12 in Axes
  7738 | D:10     | Reached skill level 10 in Armour
  8579 | D:10     | Found a staircase to the Lair.
  8636 | D:10     | Noticed a five-headed hydra zombie
  8646 | D:10     | Killed a hydra zombie
  9036 | D:10     | Reached skill level 13 in Axes
  9482 | D:10     | Reached skill level 10 in Fighting
  9511 | D:10     | Found Buekh's Armour Boutique.
  9607 | D:10     | Reached XP level 11. HP: 93/99 MP: 16/16
  9611 | D:10     | Acquired Okawaru's second power
  9764 | Lair:1   | Entered Level 1 of the Lair of Beasts
 11670 | Lair:3   | Found a frozen archway.
 11676 | Lair:3   | Noticed a six-headed hydra
 11684 | Lair:3   | Killed a six-headed hydra
 11831 | IceCv    | Entered an ice cave
 12015 | IceCv    | Received a gift from Okawaru
 12015 | IceCv    | Reached skill level 14 in Axes
 12026 | IceCv    | Got a bone broad axe {god gift}
 12027 | IceCv    | Identified the +7,+4 broad axe of Contradiction {venom, rElec} (Okawaru gifted it to you in an ice cave)
 12100 | IceCv    | Noticed an ice statue
 12100 | IceCv    | Noticed an ice statue
 12111 | IceCv    | Killed an ice statue
 12325 | IceCv    | Killed an ice statue
 12475 | IceCv    | Noticed an ice dragon
 12475 | IceCv    | Noticed an ice dragon
 12492 | IceCv    | Killed an ice dragon
 12505 | IceCv    | Killed an ice dragon
 12567 | IceCv    | Got a warped wooden ring
 12569 | IceCv    | Got a smoking iron amulet
 13291 | Lair:3   | Reached XP level 12. HP: 74/110 MP: 20/20
 13503 | Lair:3   | Found a staircase to the Snake Pit.
 13527 | Lair:3   | Received a gift from Okawaru
 13528 | Lair:3   | Got an encrusted cloak {god gift}
 13531 | Lair:3   | Identified the +0 cloak "Comenun" {+Rage rF+ rN+} (Okawaru gifted it to you on level 3 of the Lair of Beasts)
 13889 | Lair:3   | Reached skill level 15 in Axes
 15086 | Lair:3   | Found a staircase to the Shoals.
 15214 | Lair:3   | Noticed a seven-headed hydra
 15220 | Lair:3   | Noticed a pale draconian
 15220 | Lair:3   | a seven-headed hydra changed into a pale draconian
 15358 | Lair:3   | Killed a pale draconian
 15615 | Lair:4   | Identified the ring of Fetruwn {Regen AC+2 EV+4} (You found it in an ice cave)
 15618 | Lair:4   | Identified the amulet "Gotanwot" {Inacc -Tele rN+ MR+ SInv} (You found it in an ice cave)
 15648 | Lair:4   | Reached skill level 5 in Shields
 15889 | Lair:4   | Reached skill level 16 in Axes
 16553 | Lair:5   | Reached XP level 13. HP: 115/117 MP: 22/22
 16761 | Lair:5   | Found a blossoming altar of Fedhas.
 16901 | Lair:5   | Noticed Nergalle
 16912 | Lair:5   | Killed Nergalle
 17309 | Lair:6   | Got a pair of shimmering gloves
 17310 | Lair:6   | Identified the cursed -4 pair of gloves "Phegey" {+Blink rElec rN+} (You found it on level 6 of the Lair of Beasts)
 18617 | Lair:7   | Got an ancient leather armour
 18618 | Lair:7   | Identified the cursed -3 leather armour of Peapybb {EV+6 Str+2} (You found it on level 7 of the Lair of Beasts)
 18820 | Lair:7   | Noticed a five-headed hydra
 18891 | Lair:7   | a 14-headed hydra changed into a death yak
 19361 | Lair:7   | Reached skill level 17 in Axes
 19437 | Lair:7   | Received a gift from Okawaru
 19462 | Lair:7   | Got a crystal broad axe {god gift}
 19464 | Lair:7   | Identified the +7,+1 broad axe of Equivalence {flame, rPois SInv} (Okawaru gifted it to you on level 7 of the Lair of Beasts)
 20116 | Lair:8   | Learned a level 2 spell: Stoneskin
 20120 | Lair:8   | Learned a level 3 spell: Flight
 20125 | Lair:8   | Learned a level 4 spell: Control Teleport
 20188 | Lair:8   | Noticed a seven-headed hydra
 20195 | Lair:8   | Killed a four-headed hydra
 20665 | Lair:8   | Reached skill level 10 in Invocations
 20689 | Lair:8   | Noticed a six-headed hydra
 20698 | Lair:8   | Killed a four-headed hydra
 21221 | Lair:8   | Received a gift from Okawaru
 21222 | Lair:8   | Reached XP level 14. HP: 50/129 MP: 24/24
 21601 | Lair:8   | Reached skill level 18 in Axes
 21654 | Lair:8   | Found a staircase to the Slime Pits.
 21654 | Lair:8   | Noticed Maud
 21660 | Lair:8   | Reached skill level 1 in Earth Magic
 21675 | Lair:8   | Killed Maud
 21718 | Lair:8   | Identified a scroll of acquirement
 22029 | Orc:1    | Entered Level 1 of the Orcish Mines
 22611 | Orc:3    | Noticed Gastronok
 22629 | Orc:3    | Killed Gastronok
 22765 | Orc:3    | Found a flagged portal.
 22791 | Bailey   | Entered a bailey
 23206 | Orc:3    | Found Irefitat's Distillery.
 23224 | Orc:3    | Bought a potion of heal wounds for 45 gold pieces
 23321 | Orc:4    | Entered Level 4 of the Orcish Mines
 23327 | Orc:4    | Noticed Sonja
 23342 | Orc:4    | Killed Sonja
 23518 | Orc:4    | Reached skill level 15 in Armour
 23598 | Orc:4    | Found a burning altar of Makhleb.
 23691 | Orc:4    | Found a staircase to the Elven Halls.
 23702 | Orc:4    | Noticed Maurice
 23707 | Orc:4    | Noticed an orc warlord
 23735 | Orc:4    | Killed Maurice
 24191 | Orc:4    | Killed an orc warlord
 24417 | Orc:4    | Found a roughly hewn altar of Beogh.
 24580 | Orc:4    | Found Ojiusch's Book Shoppe.
 24595 | Orc:4    | Found Unlucvai's Antique Weapon Shoppe.
 24632 | Orc:4    | Learned a level 6 spell: Statue Form
 24641 | Orc:4    | Found Tweabric's General Store.
 24650 | Orc:4    | Bought a potion of experience for 700 gold pieces
 24651 | Orc:4    | Reached XP level 15. HP: 138/138 MP: 25/25
 24658 | Orc:4    | Noticed Fannar
 24670 | Orc:4    | Killed Fannar
 24679 | Orc:4    | Found Cekaun's Antique Armour Shoppe.
 24685 | Orc:4    | Bought a pair of glowing gloves for 103 gold pieces
 24685 | Orc:4    | Bought a slimy scale mail for 207 gold pieces
 24686 | Orc:4    | Identified the +7 scale mail of the Bells {Int+2} (You bought it in a shop on level 4 of the Orcish Mines)
 24729 | Orc:4    | Bought a book of Minor Magic for 300 gold pieces
 24733 | Orc:4    | Learned a level 2 spell: Blink
 25236 | Orc:4    | Found Klahaimn's Jewellery Shoppe.
 25513 | Snake:1  | Entered Level 1 of the Snake Pit
 25671 | Snake:1  | Noticed Jozef
 25684 | Snake:1  | Killed Jozef
 26342 | Snake:2  | Noticed Norris
 26358 | Snake:2  | Killed Norris
 26376 | Snake:2  | Found a glowing golden altar of the Shining One.
 26491 | Snake:2  | Got an encrusted helmet
 26495 | Snake:2  | Identified the +2 helmet "Suniunin" {+Rage +Fly Dex-2 SInv} (You found it on level 2 of the Snake Pit)
 27306 | Snake:2  | Reached skill level 10 in Shields
 27337 | Snake:2  | Reached skill level 15 in Fighting
 27566 | Snake:3  | Reached XP level 16. HP: 133/149 MP: 25/25
 28270 | Snake:3  | Noticed Vashnia
 28316 | Snake:3  | Killed Vashnia
 28316 | Snake:3  | Received a gift from Okawaru
 29615 | Snake:4  | Received a gift from Okawaru
 29932 | Snake:4  | Reached skill level 1 in Evocations
 30420 | Snake:5  | Entered Level 5 of the Snake Pit
 31226 | Snake:5  | Received a gift from Okawaru
 31238 | Snake:5  | Reached skill level 5 in Evocations
 31436 | Snake:5  | Reached XP level 17. HP: 93/160 MP: 26/26
 31977 | Snake:5  | Noticed Saint Roka
 31994 | Snake:5  | Killed Saint Roka
 32589 | Snake:5  | Got a serpentine rune of Zot
 32675 | Snake:5  | Received a gift from Okawaru
 33348 | D:11     | Identified a +0 cloak of preservation (Okawaru gifted it to you on level 5 of the Snake Pit)
 33899 | D:11     | Found a roughly hewn altar of Beogh.
 34903 | D:12     | Found a burning altar of Makhleb.
 34957 | D:12     | Found Prampusm's Food Boutique.
 35681 | D:13     | Got an ichor-stained halberd
 35708 | D:13     | Identified the +7,+10 halberd of Dawn {chop, EV+2 Str-2} (You found it on level 13 of the Dungeon)
 35829 | D:13     | Got a colourful robe
 35839 | D:13     | Identified the cursed +0 robe of Twiazi Vefu {rC+} (You found it on level 13 of the Dungeon)
 37239 | D:15     | Entered Level 15 of the Dungeon
 37247 | D:15     | Found Ehaxasch's Assorted Antiques.
 37254 | D:15     | Bought a scroll labeled PEHOUXASSY for 33 gold pieces
 37473 | D:15     | Found Ehaxasch's Assorted Antiques.
 37594 | D:15     | Found a staircase to the Hive.
 37611 | D:15     | Noticed trelanon's ghost (weakling FoFi)
 37616 | D:15     | Killed trelanon's ghost
 37689 | D:15     | Found a staircase to the Depths.
 37794 | Hive:1   | Entered Level 1 of the Hive
 38309 | Hive:2   | Got a polished leather armour
 38310 | Hive:2   | Identified the +3 leather armour of Cakapt {+Blink rElec MR+} (You found it on level 2 of the Hive)
 38358 | Hive:2   | Reached XP level 18. HP: 173/173 MP: 27/27
 38373 | Hive:2   | Reached skill level 15 in Shields
 38866 | Hive:3   | Reached skill level 10 in Evocations
 39281 | Hive:3   | Received a gift from Okawaru
 39282 | Hive:3   | Got a crystal war axe {god gift}
 39344 | Hive:4   | Entered Level 4 of the Hive
 40463 | Shoals:1 | Entered Level 1 of the Shoals
 40463 | Shoals:1 | Noticed Norbert
 40474 | Shoals:1 | Killed Norbert
 40474 | Shoals:1 | Reached skill level 5 in Earth Magic
 40483 | Shoals:1 | Reached skill level 1 in Transmutations
 40485 | Shoals:1 | Mangled by a merfolk

Action                   |  1- 3 |  4- 6 |  7- 9 | 10-12 | 13-15 | 16-18 || total
-------------------------+-------+-------+-------+-------+-------+-------++-------
Melee: War axe           |   115 |   154 |   225 |       |       |       ||   494
       Battleaxe         |       |       |   255 |   376 |       |       ||   631
       Broad axe         |       |       |       |   340 |   841 |  1372 ||  2553
Throw: Dart              |     1 |       |       |       |       |       ||     1
Invok: Might             |       |       |     3 |     9 |     6 |     3 ||    21
       Haste             |       |       |       |     3 |     3 |     1 ||     7
Evoke: Wand              |       |       |       |    11 |    15 |     9 ||    35
       Fan of gales      |       |       |       |     1 |     1 |       ||     2
  Use: Scroll            |     7 |     8 |    12 |    18 |    21 |    15 ||    81
       Potion            |       |     1 |       |       |     3 |     7 ||    11
 Stab: Invisible         |       |       |       |       |       |     4 ||     4
       Sleeping          |       |       |       |       |       |     4 ||     4
